 Dungeon Crawl Stone Soup version 0.29.0-11-gd7f09526c8 (webtiles) character file.

Game seed: 7530448754766047159

88 nickcage the Poker (level 4, -11/33 HPs)
             Began as a Merfolk Gladiator on Sept 2, 2022.
             Killed from afar by Natasha (15 damage)
             ... with a bolt of dispelling energy
             ... on level 2 of the Dungeon.
             The game lasted 00:03:02 (1894 turns).

nickcage the Poker (Merfolk Gladiator)              Turns: 1894, Time: 00:03:03

Health: -11/33     AC:  6    Str: 16    XL:     4   Next: 54%
Magic:  4/4        EV: 12    Int:  7    God:
Gold:   139        SH:  0    Dex: 15    Spells: 3/3 levels left

rFire   . . .      SeeInvis .   a - +0 trident
rCold   . . .      Faith    .   (no shield)
rNeg    . . .      Spirit   .   p - +0 ring mail
rPois   .          Reflect  .   c - +0 helmet
rElec   .          Harm     .   (no cloak)
rCorr   .          Rampage  .   (no gloves)
Will    .....                   (no boots)
Stlth   +.........              (no amulet)
HPRegen 0.11/turn               (no ring)
MPRegen 0.09/turn               (no ring)

@: no status effects
A: (nimble swimmer 2), mertail
a: no special abilities


You were on level 2 of the Dungeon.
You visited 1 branch of the dungeon, and saw 2 of its levels.

You collected 139 gold pieces.

Inventory:

Hand Weapons
 a - a +0 trident (weapon)
 g - a +2 flail of holy wrath
Missiles
 d - 3 throwing nets
 e - a javelin (quivered)
Armour
 b - a +0 leather armour
 c - a +0 helmet (worn)
 p - a +0 ring mail (worn)
Jewellery
 l - an amulet of guardian spirit
Scrolls
 f - a scroll of immolation {unknown}
 i - a scroll of poison {unknown}
 j - 2 scrolls of identify {unknown}
 k - a scroll of fear {unknown}
 m - a scroll of butterflies {unknown}
Potions
 h - a potion of lignification {unknown}
 n - a potion of ambrosia {unknown}
 o - 2 potions of haste {unknown}
 q - a potion of might {unknown}
 r - 2 potions of degeneration {unknown}


   Skills:
 - Level 2.1 Fighting
 + Level 6.9 Polearms
 - Level 2.0 Throwing
 - Level 4.0 Dodging


You had 3 spell levels left.
You didn't know any spells.
Your spell library contained the following spells:

 Spells                   Type           Power      Damage    Failure   Level
 Passage of Golubria      Tloc           0%         N/A       100%        4
 Silence                  Hex/Air        0%         N/A       100%        5
 Lehudib's Crystal Spear  Conj/Erth      0%         10d2      100%        8


Dungeon Overview and Level Annotations

Branches:
Dungeon (2/15)

Altars:

Shops:
D:2 :

Annotations:
D:2 Natasha


Innate Abilities, Weirdness & Mutations

((You are very nimble when in or above water. (Stealth+, EV+, Speed+++)))
Your lower body shifts to a powerful aquatic tail in water.


Message History

You kill the rat!
You puncture the endoplasm!
You kill the endoplasm!
No target in view!
You see here a rat corpse.
Done exploring.
Done exploring.
(D) Dungeon
Where to? (? - help)
You open the door.
There is an open door here.
There is a stone staircase leading up here.
There is an open door here.
Natasha, Servant of Life and Death comes into view.
She is carrying a wand of quicksilver (6).
Natasha hisses angrily.
You reach to attack!
You closely miss Natasha.
Natasha zaps a wand.
The bolt of dispelling energy misses you.
You reach to attack!
You hit Natasha.
Natasha is moderately wounded.
Natasha zaps a wand.
The bolt of dispelling energy hits you!
You reach to attack!
You hit Natasha but do no damage.
Natasha is moderately wounded.
Natasha zaps a wand.
The bolt of dispelling energy hits you!
Ouch! That really hurt!
* * * LOW HITPOINT WARNING * * *
You are too injured to fight recklessly!
You are too injured to fight recklessly!
You are too injured to fight recklessly!
Reach: a) +0 trident
Press: ? - help, Dir - move target, f/p - Natasha
Aim: Natasha, carrying a wand of quicksilver (3) (moderately wounded, about 45% to evade your +0 trident)
You reach to attack!
You puncture Natasha!
Natasha is severely wounded.
Reach: a) +0 trident
Press: ? - help, Dir - move target, f/p - Natasha
Aim: Natasha, carrying a wand of quicksilver (3) (severely wounded, about 45% to evade your +0 trident)
You closely miss Natasha.
Natasha is severely wounded.
Natasha zaps a wand.
The bolt of dispelling energy hits you!
You die...

####.###.# #.# #..)...
#.....# ##'## ###.### ###.###
##...## ######.# ###.#
##.....## #......# ##.#.#
##.).....###.##.###
##...)###.........##.#...####
#.........>.......'........<.
#......#..........##.#...####
#.#.#.......@....###.......#
##.###...P♣.h...♣## #######.#
#........~~~♣~..P♣## #.#
#........~.~~~~~...# #.#
#.####....♣♣~~~~P..## #.# #.#
##.♣..~~♣~(...P# #.#
#.#######.....♣....P# #.#
###.#..........P..P..## #.#
#............#........## #.#


You could see Natasha.

Vanquished Creatures
  Natasha (D:2)
  An adder (D:2)
  A gnoll (D:1)
  A worm (D:2)
  3 endoplasms
  A giant cockroach (D:2)
  6 goblins
  7 hobgoblins
  2 jackals (D:1)
  2 quokkas
  3 ball pythons
  3 frilled lizards
  3 kobolds
  5 rats (D:2)
39 creatures vanquished.

Vanquished Creatures (others)
  9 plants (D:2)
9 creatures vanquished.

Grand Total: 48 creatures vanquished

Notes
Turn   | Place    | Note
-------+----------+-------------------------------------------
     0 | D:1      | nickcage the Merfolk Gladiator began the quest for the Orb.
     0 | D:1      | Reached XP level 1. HP: 16/16 MP: 1/1
    58 | D:1      | Reached skill level 5 in Polearms
    58 | D:1      | Reached XP level 2. HP: 21/22 MP: 2/2
   202 | D:1      | Found a faded altar of an unknown god.
   313 | D:1      | Reached XP level 3. HP: 27/27 MP: 3/3
   908 | D:2      | Noticed Natasha
   917 | D:2      | Killed Natasha
   918 | D:2      | Reached skill level 6 in Polearms
  1139 | D:2      | Reached XP level 4. HP: 31/33 MP: 4/4
  1165 | D:2      | Found Ylobum's Book Shoppe.
  1887 | D:2      | Noticed Natasha
  1894 | D:2      | Killed from afar by Natasha

Illustrated notes

Levels and vault maps discovered:
D:1:      elethiomel_arrival_quiet, layout_basic, nicolae_ecumenical_lake_church
D:2:      layout_loops_corners, serial_bayou, serial_bayou_pond_e,
          serial_bayou_crossing, serial_bayou_ford_a, serial_bayou_pond_d,
          serial_bayou_pond_a, serial_shops, shop, kennysheep_potato,
          uniq_natasha

Skill      XL: |  1  2  3 |
---------------+----------+-----
Polearms       | 5 6 |  6.9
Fighting       | |  2.1
Throwing       | |  2.0
Dodging        | |  4.0

Action                   |  1- 3 |  4- 6 || total
-------------------------+-------+-------++-------
Melee: Trident           |    57 |    59 ||   116
       Punch             |     2 |     1 ||     3
Armor: Leather armour    |     9 |       ||     9
       Ring mail         |       |     9 ||     9
Dodge: Dodged            |    33 |    27 ||    60
